 Dungeon Sprint DCSS version 0.21.1-1-g345015f (webtiles) character file.

15 Fang the Skirmisher (level 2, -6/30 HPs)
             Began as a Gargoyle Berserker on July 10, 2018.
             Was a Priest of Trog.
             Mangled by an ice beast (11 damage)
             ... summoned by a deep elf mage
             ... in the Dungeon (Sprint VII: "The Pits").
             The game lasted 00:00:30 (736 turns).

Fang the Skirmisher (Gargoyle Berserker)             Turns: 736, Time: 00:00:31

Health: -6/30      AC:  5    Str: 25    XL:     2   Next: 50%
Magic:  2/2        EV: 12    Int:  7    God:    Trog [***...]
Gold:   0          SH:  0    Dex:  9    Spells: 1/1 levels left

rFire    . . .     SeeInvis .   j - +2 hand axe
rCold    . . .     Gourm    .   (no shield)
rNeg     + . .     Faith    .   b - +0 animal skin
rPois    ∞         Spirit   .   (no helmet)
rElec    +         Reflect  .   (no cloak)
rCorr    .         Harm     .   (no gloves)
MR       .....     NoTele   +   (no boots)
Stlth    ..........             (no amulet)
HPRegen  0.10/turn              (no ring)
MPRegen  0.08/turn              (no ring)

@: berserking, very quick
A: negative energy resistance 1, electricity resistance, unbreathing,
petrification resistance, rot immunity, AC +2
a: Berserk, Trog's Hand, Burn Spellbooks, Renounce Religion


You were in the Dungeon.
You worshipped Trog.
Trog was most pleased with you.
You were hungry.

You visited 1 branch

Inventory:

Hand Weapons
 j - a +2 hand axe (weapon)
Armour
 b - a +0 animal skin (worn)
Scrolls
 i - a scroll of blinking
 k - 3 scrolls of remove curse
 l - a scroll of summoning
Potions
 a - 2 potions of invisibility
 d - a potion of curing
 e - a potion of heal wounds
 f - a potion of haste
 g - 4 potions of magic
 h - 3 potions of berserk rage
Comestibles
 c - 9 rations


   Skills:
 + Level 4.5 Fighting
 + Level 3.9 Axes
 + Level 2.7 Armour
 + Level 2.1 Dodging


You had one spell level left.
You didn't know any spells.

Dungeon Overview and Level Annotations

Branches:
Dungeon (1/1)

Altars:
Cheibriados
Dithmenos
Elyvilon
Fedhas
Gozag
Hepliaklqana
Makhleb
Nemelex Xobeh
Okawaru
Qazlal
Ru
Sif Muna
Trog
Vehumet
Wu Jian
Xom
Yredelemnul
Zin
The Shining One
Beogh
Jiyva
Lugonu


Innate Abilities, Weirdness & Mutations

You are resistant to torment.
Your stone body is resilient. (AC +2)
You are immune to poison.
You resist negative energy. (rN+)
You are resistant to electric shocks. (rElec)
You can survive without breathing.
You are immune to petrification.
You are immune to rotting.


Message History

You are too injured to fight recklessly!
Unknown command.
You are too injured to fight recklessly!
You barely miss the ice beast.
The ice beast is heavily wounded.
You slash the adder skeleton! You slash the deep elf mage!
The gnoll hits you from afar with a halberd.
* * * LOW HITPOINT WARNING * * *
The ice beast barely misses you.
Unknown command.
You miss the deep elf mage.
The deep elf mage is moderately wounded.
You slash the adder skeleton!
You destroy the adder skeleton!
Trog accepts your kill.
You closely miss the ice beast. The deep elf mage closely misses you.
The ice beast hits you.
* * * LOW HITPOINT WARNING * * *
The ice beast freezes you!
You die...

#.........).'........
#+#####'#####......#.
#..#[.# #........
#..)..# ####'####
#..#### #.......#
#..# # #.......# #..#
.# #.......#
##'#..#+###...<...#
#.@eg....##.......#
#.Yl.....##.......#
###########.......#
#########


You could see a deep elf mage, an ice beast, a gnoll and a frilled lizard.

Vanquished Creatures
  An adder zombie (D)
  An adder skeleton (D)
  2 orcs (D)
  A ball python (D)
  A hobgoblin (D)
  A frilled lizard (D)
7 creatures vanquished.

Notes
Turn   | Place    | Note
-------+----------+-------------------------------------------
     0 | D        | Fang the Gargoyle Berserker began the quest for the Orb.
     0 | D        | Reached XP level 1. HP: 14/14 MP: 1/1
   383 | D        | Found a bloodstained altar of Trog.
   383 | D        | Found a deep blue altar of Sif Muna.
   383 | D        | Found a viscous altar of Jiyva.
   383 | D        | Found a hazy altar of Hepliaklqana.
   383 | D        | Found an opulent altar of Gozag.
   384 | D        | Found a glowing golden altar of the Shining One.
   384 | D        | Found a glowing silver altar of Zin.
   384 | D        | Found a basalt altar of Yredelemnul.
   384 | D        | Found a shimmering altar of Xom.
   384 | D        | Found an ornate altar of the Wu Jian Council.
   384 | D        | Found a sacrificial altar of Ru.
   384 | D        | Found a stormy altar of Qazlal.
   384 | D        | Found an iron altar of Okawaru.
   384 | D        | Found a sparkling altar of Nemelex Xobeh.
   384 | D        | Found a burning altar of Makhleb.
   384 | D        | Found a blossoming altar of Fedhas.
   384 | D        | Found a white marble altar of Elyvilon.
   384 | D        | Found a shadowy altar of Dithmenos.
   384 | D        | Found a snail-covered altar of Cheibriados.
   386 | D        | Found a radiant altar of Vehumet.
   386 | D        | Found a corrupted altar of Lugonu.
   386 | D        | Found a roughly hewn altar of Beogh.
   430 | D        | Reached ** piety under Trog
   430 | D        | Reached skill level 4 in Fighting
   430 | D        | Reached XP level 2. HP: 13/20 MP: 2/2
   732 | D        | Noticed a deep elf mage
   733 | D        | Noticed an ice beast
   736 | D        | Reached *** piety under Trog
   736 | D        | Mangled by an ice beast

Skill      XL: |  1  2 |
---------------+-------+-----
Axes           | 3 |  3.9
Fighting       | 4 |  4.5
Dodging        | 2 |  2.1
Armour         | |  2.7

Action                   || total
-------------------------++-------
Melee: Hand axe          ||    24
Invok: Berserk           ||     2
Armor: Animal skin       ||     6
Dodge: Dodged            ||    12
